 Dungeon Crawl Stone Soup version 0.21-a0-634-gaf8bc5d (webtiles) character file.

17 tilp the Conjurer (level 2, -2/20 HPs)
             Began as a Draconian Conjurer on Dec 29, 2017.
             Slain by a gnoll
             ... wielding a +0 spear
              (12 damage)
             ... on level 2 of the Dungeon.
             The game lasted 00:02:04 (1083 turns).

tilp the Conjurer (Draconian Conjurer)              Turns: 1083, Time: 00:02:05

Health: -2/20      AC:  4    Str: 10    XL:     2   Next: 44%
Magic:  5/5        EV: 12    Int: 15    God:
Gold:   0          SH:  0    Dex: 11    Spells: 2/5 levels left

rFire    . . .     SeeInvis .   j - +0 short sword
rCold    . . .     Gourm    .   (no shield)
rNeg     . . .     Faith    .   (armour unavailable)
rPois    .         Spirit   .   (helmet restricted)
rElec    .         Reflect  .   (no cloak)
rCorr    .         Harm     .   (no gloves)
MR       .....                  (no boots)
Stlth    ++........             (no amulet)
HPRegen  0.06/turn              (no ring)
MPRegen  0.09/turn              (no ring)

@: no status effects
A: unfitting armour, cold-blooded, AC +4
a: no special abilities


You were on level 2 of the Dungeon.
You were hungry.

You visited 1 branch of the dungeon, and saw 2 of its levels.

Inventory:

Hand Weapons
 c - a +0 hand axe
 j - a +0 short sword (weapon)
Missiles
 d - 12 arrows
 e - 13 stones (quivered)
Scrolls
 f - a scroll of amnesia {unknown}
 h - a scroll of identify {unknown}
Potions
 g - a potion of berserk rage {unknown}
 i - a potion of degeneration {unknown}
Books
 a - a book of Conjurations

   Spells                             Type                      Level
   a - Magic Dart                     Conjuration                  1
   b - Searing Ray                    Conjuration                  2
   c - Dazzling Spray                 Conjuration/Hexes            3
   d - Fulminant Prism                Conjuration/Hexes            4
   e - Force Lance                    Conjuration/Translocation    4
   f - Iskenderun's Mystic Blast      Conjuration                  4
Comestibles
 b - a ration


   Skills:
 - Level 1.7 Dodging
 - Level 1.7 Stealth
 - Level 2.0 Spellcasting
 + Level 4.7 Conjurations


You had 2 spell levels left.
You knew the following spells:

 Your Spells              Type           Power        Failure   Level  Hunger
a - Magic Dart            Conj           ###.         3%          1    #......
b - Searing Ray           Conj           ###...       4%          2    ###....


Dungeon Overview and Level Annotations

Branches:
Dungeon (2/15)

Altars:


Innate Abilities, Weirdness & Mutations

Your plain brown scales are hard. (AC +4)
You cannot fit into any form of body armour.
You are cold-blooded and may be slowed by cold attacks.


Message History

Press: ? - help, Shift-Dir - straight line, f - jackal
Aim: a jackal (resting)
The magic dart hits the jackal.
You kill the jackal!
You start resting.
Magic restored.
Done exploring.
There is a stone staircase leading down here.
You climb downwards. 5 gnolls and a gnoll sergeant come into view.
The gnoll shouts! x3; You hear an angry hiss.
The gnoll sergeant shouts!
Found a white potion.
Found a stone staircase leading down.
There is a stone staircase leading up here.
Unknown command.
The gnoll shouts!
The gnoll barely misses you. The gnoll hits you with a flail!
Ouch! That really hurt!
The gnoll hits you with a spear!
Ouch! That really hurt!
You die...

##### ####
##...##...##
##..........#
#............
#.....g.>....
#....g.......
#!g.@g.....#
##.gg#....##
##### .### .#
#


You could see a gnoll sergeant and 5 gnolls.

Vanquished Creatures
  A dart slug (D:1)
  A leopard gecko (D:1)
  A bat (D:1)
  A giant cockroach (D:1)
  3 hobgoblins (D:1)
  2 jackals (D:1)
  2 kobolds (D:1)
  A rat (D:1)
12 creatures vanquished.

Notes
Turn   | Place    | Note
-------+----------+-------------------------------------------
     0 | D:1      | tilp the Draconian Conjurer began the quest for the Orb.
     0 | D:1      | Reached XP level 1. HP: 14/14 MP: 3/3
   278 | D:1      | Reached XP level 2. HP: 13/20 MP: 0/5
   284 | D:1      | Learned a level 2 spell: Searing Ray
  1082 | D:2      | Noticed a gnoll sergeant
  1083 | D:2      | Slain by a gnoll

Vault maps used:
D:1:      dpeg_arrival_central, serial_bayou_ford_a, minivault_14
D:2:      lemuel_round_altar, nicolae_dithmenos_through_a_glass_darkly

Action                   || total
-------------------------++-------
Melee: Hand axe          ||     5
Throw: Stone             ||     3
 Cast: Magic Dart        ||    25
Armor: Skin              ||     1
Dodge: Dodged            ||     4

Table legend:
 A = Spawn XP
 B = Non-spawn XP
 C = Spawn XP percentage of total XP
 D = Spawn monster count
 E = Non-spawn monster count
 F = Spawn count percentage of total count
 G = Total turns spent on level
                    A         B        C        D         E        F      G
               +---------+---------+-------+---------+---------+-------+---------
         Total |       0 |      25 |   0.0 |       0 |      12 |   0.0 |  1083
               +---------+---------+-------+---------+---------+-------+---------
           D:1 |       0 |      25 |   0.0 |       0 |      12 |   0.0 |  1082
               +---------+---------+-------+---------+---------+-------+---------
